 Dungeon Crawl Stone Soup version 0.31-a0-867-g9b2fd80f0c (webtiles) character file.

Game seed: 6626916504744095279

42 Bnni the Vexing (level 3, -2/27 HPs)
             Began as a Formicid Hexslinger on Oct 11, 2023.
             Slain by Terence
             ... wielding a +0 flail
              (5 damage)
             ... on level 2 of the Dungeon.
             The game lasted 00:00:43 (940 turns).

Bnni the Vexing (Formicid Hexslinger)                Turns: 940, Time: 00:00:44

Health: -2/27      AC:  3    Str: 12    XL:     3   Next: 80%
Magic:  3/5        EV: 12    Int: 12    God:
Gold:   70         SH:  0    Dex: 18    Spells: 3/5 levels left

rFire   . . .        a - +1 sling
rCold   . . .        (no shield)
rNeg    . . .        c - +0 robe
rPois   .            (helmet unavailable)
rElec   .            h - +0 cloak
rCorr   .            (no gloves)
SInv    +            (no boots)
Will    .....        (no amulet)
Stlth   ++           (no ring)
HPRegen 0.24/turn    (no ring)
MPRegen 0.09/turn

%: no passive effects
@: weak-willed, jinxed
A: permanent stasis, dig shafts and tunnels, antennae 3, four strong arms
a: Dig, Shaft Self


You were on level 2 of the Dungeon.
You visited 1 branch of the dungeon, and saw 2 of its levels.

You collected 70 gold pieces.

Inventory:

Hand Weapons
 a - a +1 sling (weapon)
Armour
 c - a +0 robe (worn)
 h - a +0 cloak (worn)
Scrolls
 b - a scroll of poison
 d - 3 scrolls of immolation {unknown}
Potions
 f - a potion of lignification {unknown}
 g - a potion of ambrosia {unknown}
 i - a potion of haste {unknown}


   Skills:
 + Level 1.8 Fighting
 * Level 2.6 Ranged Weapons
 - Level 1.7 Dodging
 + Level 1.5 Spellcasting
 * Level 4.3 Hexes
 - Level 1.0 Fire Magic


You had 3 spell levels left.
You knew the following spells:

 Your Spells              Type           Power      Damage    Failure   Level
a - Jinxbite              Hex            22%        N/A       8%          2

Your spell library contained the following spells:

 Spells                   Type           Power      Damage    Failure   Level
 Sigil of Binding         Hex            11%        N/A       14%         3
 Inner Flame              Hex/Fire       7%         N/A       28%         3
 Cause Fear               Hex            5%         N/A       43%         4
 Dimensional Bullseye     Hex/Tloc       3%         N/A       75%         4


Dungeon Overview and Level Annotations

Branches:
Dungeon (2/15)

Altars:

Annotations:
D:2 Terence


Innate Abilities, Weirdness & Mutations

You cannot be hasted, slowed, berserked, paralysed or teleported.
You can dig through walls and to a lower floor.
You have a pair of large antennae on your head. (SInv)
Your four strong arms can wield two-handed weapons with a shield.


Message History

No target in view!
You see here a +3 whip.
You now have 63 gold pieces (gained 9).
You sense a monster nearby.
You now have 70 gold pieces (gained 7).
You sense a monster nearby.
No target in view!
Terence the Incautious comes into view.
He is wielding a +0 flail and wearing a +1 chain mail of cold resistance.
Terence shouts!
You shoot a sling bullet. The sling bullet hits Terence.
Terence is lightly wounded.
Terence closely misses you.
Terence is nearby!
You shoot a sling bullet.
The sling bullet closely misses Terence.
Terence hits you with a +0 flail!
Unknown command.
Casting: Jinxbite (safe; 8% risk of failure)
Confirm with . or Enter, or press ? or * to list all spells.
You beckon some vexing sprites to accompany your attacks.
You feel your willpower being sapped. Terence hits you with a +0 flail!
* * * LOW HITPOINT WARNING * * *
Unknown command.
Fire: a) +1 sling
Press: ? - help, Shift-Dir - straight line, f/p - Terence
Aim: Terence, wielding a +0 flail and wearing a +1 chain mail of cold resistance (lightly wounded, chance to call a sprite on attack: 53%, 68% to hit)
You shoot a sling bullet.
The sling bullet closely misses Terence.
A giggling sprite leaps out and smacks Terence with his own hand.
Terence is moderately wounded.
Terence hits you with a +0 flail.
* * * LOW HITPOINT WARNING * * *
You aren't wearing any rings or amulets.
Unknown command.
Okay, then.
Okay, then.
As you read the scroll labelled ECENGI VAPTYEKO, it crumbles to dust.
You feel a strange sense of stasis.
It was a scroll of teleportation.
Terence hits you with a +0 flail.
You die...

...............#..
#.###.............
# ###..#.#....#
#......####
####.### #.# { #.#
###.# #@..# #@####
#. .. ###


You could see Terence (very drained).

Vanquished Creatures
  An adder (D:2)
  6 endoplasms (D:1)
  A giant cockroach (D:1)
  4 goblins (D:1)
  4 hobgoblins
  2 kobolds (D:1)
  A quokka (D:1)
  6 ball pythons (D:1)
  3 bats
  3 rats (D:1)
31 creatures vanquished.

Notes
Turn   | Place    | Note
-------+----------+-------------------------------------------
     0 | D:1      | Bnni the Formicid Hexslinger began the quest for the Orb.
     0 | D:1      | Reached XP level 1. HP: 15/15 MP: 2/2
    78 | D:1      | Reached XP level 2. HP: 21/21 MP: 3/3
    81 | D:1      | Learned a level 2 spell: Jinxbite
   292 | D:1      | Reached skill level 4 in Hexes
   350 | D:1      | Reached XP level 3. HP: 26/26 MP: 5/5
   935 | D:2      | Noticed Terence
   940 | D:2      | Slain by Terence

Illustrated notes

Levels and vault maps discovered:
D:1:      saegor_arrival_simple_d, layout_basic
D:2:      layout_loops_cross, wander_ebering_terrifying_dragon_lair,
          uniq_terence

Skill      XL: |  1  2 |
---------------+-------+-----
Hexes          | 4 |  4.3
Fighting       | |  1.8
Ranged Weapons | |  2.6
Dodging        | |  1.7
Spellcasting   | |  1.5
Fire Magic     | |  1.0

Action                     || total
---------------------------++-------
   Fire: Sling             ||    72
   Cast: Jinxbite          ||     1
    Use: Scroll            ||     1
 Armour: Robe              ||     8
  Dodge: Dodged            ||    11

Table legend: (Time is in decaauts)
 A = Elapsed time spent in this place.
 B = Non-inter-level travel time spent in this place.
 C = Inter-level travel time spent in this place.
 D = Time resting spent in this place.
 E = Time spent auto-exploring this place.
 F = Levels seen in this place.
 G = Mean time per level.
                   A        B        C        D        E       F      G
               +--------+--------+--------+--------+--------+-----+--------+
         Total |    960 |    929 |     31 |      0 |    773 |   2 |  480.0 |
       Dungeon |    960 |    929 |     31 |      0 |    773 |   2 |  480.0 |
               +--------+--------+--------+--------+--------+-----+--------+

Top non-repeatable levels by time:
     D:1: 900 daAuts
     D:2: 60 daAuts
